[Event "44th Chess Olympiad Women 2022"]
[Site "Chennai"]
[Date "2022.08.02"]
[Round "5.37"]
[White "Mayorga Araya, Sofia"]
[Black "Li, Joy Ching"]
[Result "1-0"]
[ECO "B36"]
[WhiteElo "1758"]
[BlackElo "1386"]
[Annotator "NA RC COMBH"]
[PlyCount "111"]
[EventDate "2022.07.29"]
[EventType "team-tourn"]
[EventCountry "IND"]
[SourceTitle "playchess.com"]
[Source "ChessBase"]
[SourceQuality "1"]
[WhiteTeam "Costa Rica"]
[BlackTeam "Hong Kong"]
[WhiteTeamCountry "CRI"]
[BlackTeamCountry "HKG"]
[TimeControl "40/5400+30:1800+30"]

1. e4 c5 2. Nf3 g6 3. d4 cxd4 4. Nxd4 Nc6 5. c4 Nf6 6. Nc3 Nxd4 7. Qxd4 d6 8. Be2 Bg7 9. Be3 O-O 10. Qd2 Be6 11. Rc1 Qa5 12. h3 Rfc8 13. b3 a6 14. O-O b5 15. cxb5 axb5 16. Qd3 b4 17. Na4 Rab8 18. f4 Rxc1 19. Rxc1 Bd7 20. Qc2 h5 21. Bd3 Bxa4 22. bxa4 d5 23. e5 Ne4 24. Qc7 Qxc7 25. Rxc7 Ra8 26. Bxe4 dxe4 27. Ra7 Rxa7 28. Bxa7 Kf8 29. Bc5 Ke8 30. a5 Kd8 31. Bxe7+ Kc7 32. Kf2 Kc6 33. Bxb4 Kb5 34. a3 Bh6 35. Ke3 g5 36. f5 g4+ 37. Kxe4 gxh3 38. gxh3 Bg5 39. e6 fxe6 40. fxe6 Bd8 41. Kf5 h4 42. e7 Bxe7 43. Bxe7 Kxa5 44. Bxh4 Ka4 45. Bg3 Kxa3 46. h4 Kb3 47. h5 Kc4 48. h6 Kd3 49. h7 Ke3 50. h8=Q Kd3 51. Qe5 Kd2 52. Qe4 Kc1 53. Qe2 Kb1 54. Qd2 Ka1 55. Be5+ Kb1 56. Qb2# 1-0

[Event "44th Chess Olympiad Women 2022"]
[Site "Chennai"]
[Date "2022.08.02"]
[Round "5.37"]
[White "Lam, Ka Yan"]
[Black "Ramirez Gonzalez, Maria Jose"]
[Result "0-1"]
[ECO "C60"]
[WhiteElo "1223"]
[BlackElo "1809"]
[Annotator "NA RC COMBH"]
[PlyCount "112"]
[EventDate "2022.07.29"]
[EventType "team-tourn"]
[EventCountry "IND"]
[SourceTitle "playchess.com"]
[Source "ChessBase"]
[SourceQuality "1"]
[WhiteTeam "Hong Kong"]
[BlackTeam "Costa Rica"]
[WhiteTeamCountry "HKG"]
[BlackTeamCountry "CRI"]
[TimeControl "40/5400+30:1800+30"]

1. e4 e5 2. Nf3 Nc6 3. Bb5 Nge7 4. d3 g6 5. Nc3 Bg7 6. Bg5 h6 7. Be3 O-O 8. Qe2 d5 9. exd5 Nxd5 10. Nxd5 Qxd5 11. Bc4 Qd6 12. Nd2 Nd4 13. Bxd4 exd4 14. Ne4 Qb4+ 15. Qd2 Qxb2 16. O-O Qb6 17. Rab1 Qc6 18. Qb4 a6 19. Qc5 Qxc5 20. Nxc5 b6 21. Ne4 Bb7 22. Rfe1 Rab8 23. a4 Rfe8 24. f3 Re5 25. Kf2 Kf8 26. Nd2 Rbe8 27. Ba2 Bc6 28. Bb3 f5 29. Nc4 Rxe1 30. Rxe1 Rxe1 31. Kxe1 b5 32. Na5 Ba8 33. Kf2 Ke7 34. h3 Be5 35. axb5 axb5 36. Ba2 c5 37. Ke2 h5 38. Bg8 h4 39. Bh7 Kf6 40. Bg8 g5 41. Kf2 Bd6 42. Bh7 Bd5 43. Nb3 Be6 44. Nc1 Kg7 45. Bxf5 Bxf5 46. Ne2 Kf6 47. Ke1 Ke5 48. Kd2 c4 49. dxc4 bxc4 50. c3 dxc3+ 51. Kxc3 Bd3 52. Nc1 Bf1 53. Kd2 Ba3 54. Ne2 Bxe2 55. Kxe2 c3 56. Kd3 Bb2 0-1

[Event "44th Chess Olympiad Women 2022"]
[Site "Chennai"]
[Date "2022.08.02"]
[Round "5.38"]
[White "Noshin, Anjum"]
[Black "Clarke, Adani"]
[Result "1-0"]
[ECO "C18"]
[WhiteElo "2027"]
[BlackElo "1812"]
[Annotator "NA RC"]
[PlyCount "151"]
[EventDate "2022.07.29"]
[EventType "team-tourn"]
[EventCountry "IND"]
[SourceTitle "playchess.com"]
[Source "ChessBase"]
[SourceQuality "1"]
[WhiteTeam "Bangladesh"]
[BlackTeam "Jamaica"]
[WhiteTeamCountry "BAN"]
[BlackTeamCountry "JAM"]
[TimeControl "40/5400+30:1800+30"]

1. e4 e6 2. d4 d5 3. Nc3 Bb4 4. e5 c5 5. a3 Bxc3+ 6. bxc3 Qa5 7. Bd2 Qa4 8. Qg4 Kf8 9. Nf3 Nc6 10. Be2 Nge7 11. O-O Qxc2 12. dxc5 Ng6 13. Qg5 h6 14. Qe3 Qe4 15. Rfd1 Qxe3 16. Bxe3 Ncxe5 17. Nxe5 Nxe5 18. c4 f6 19. Rab1 Ke7 20. cxd5 exd5 21. Rxd5 Rd8 22. Rxd8 Kxd8 23. Bf4 b6 24. Bxe5 fxe5 25. Bf3 Rb8 26. c6 Kc7 27. Re1 Kd6 28. Rd1+ Kc7 29. Rd5 Kxc6 30. Ra5+ Kd6 31. Rxa7 Bd7 32. h3 Rc8 33. Rb7 Rc1+ 34. Kh2 Rb1 35. Bg4 Bxg4 36. hxg4 Rb2 37. f3 Ke6 38. Rxg7 Kf6 39. Ra7 Rc2 40. Ra6 Rb2 41. Kg3 Rb1 42. a4 Kg5 43. Ra8 Kf6 44. Rf8+ Kg7 45. Rf5 Re1 46. Kf2 Ra1 47. Rxe5 Rxa4 48. Rb5 Ra6 49. Kg3 Kf6 50. Kh4 Kg7 51. g5 Ra4+ 52. Kg3 hxg5 53. Rxg5+ Kf7 54. Rb5 Ra6 55. Kg4 Kg7 56. Kf5 Kf7 57. g4 Kg7 58. f4 Kf7 59. g5 Kg7 60. Ke5 Kg6 61. Rd5 Kf7 62. f5 Ra1 63. Rd7+ Ke8 64. Rb7 Rc1 65. Rxb6 Rc7 66. f6 Kf7 67. Rd6 Rc5+ 68. Rd5 Rc7 69. Kf5 Rb7 70. g6+ Ke8 71. Ke6 Rb8 72. g7 Rb6+ 73. Rd6 Rxd6+ 74. Kxd6 Kf7 75. Kd7 Kg8 76. Ke7 1-0

[Event "44th Chess Olympiad Women 2022"]
[Site "Chennai"]
[Date "2022.08.02"]
[Round "5.38"]
[White "Miller, Rachel"]
[Black "Sultana, Sharmin Shirin"]
[Result "0-1"]
[ECO "C48"]
[WhiteElo "1961"]
[BlackElo "1995"]
[Annotator "NA RC"]
[PlyCount "136"]
[EventDate "2022.07.29"]
[EventType "team-tourn"]
[EventCountry "IND"]
[SourceTitle "playchess.com"]
[Source "ChessBase"]
[SourceQuality "1"]
[WhiteTeam "Jamaica"]
[BlackTeam "Bangladesh"]
[WhiteTeamCountry "JAM"]
[BlackTeamCountry "BAN"]
[TimeControl "40/5400+30:1800+30"]

1. e4 e5 2. Nf3 Nf6 3. Nc3 Nc6 4. Bb5 Bc5 5. O-O d6 6. d3 Bg4 7. Na4 Bb6 8. Nxb6 axb6 9. c3 h6 10. Re1 O-O 11. h3 Bh5 12. g4 Bg6 13. Nh4 Nh7 14. Ng2 Ng5 15. Re3 Ne6 16. Rg3 Ne7 17. Qf3 d5 18. exd5 Qxd5 19. Qxd5 Nxd5 20. Nh4 Nef4 21. d4 exd4 22. Bxf4 Nxf4 23. Rf3 dxc3 24. bxc3 Nd5 25. Nxg6 fxg6 26. Bc4 Rxf3 27. Bxd5+ Rf7 28. Rd1 Re8 29. Kg2 Re2 30. Bxf7+ Kxf7 31. Rd7+ Re7 32. Rxe7+ Kxe7 33. Kf3 b5 34. Ke3 g5 35. f4 gxf4+ 36. Kxf4 Ke6 37. Ke4 g6 38. Kd4 b6 39. Ke4 c6 40. Kd4 Kf6 41. Ke4 Kg5 42. Kf3 Kh4 43. Kg2 c5 44. a3 h5 45. gxh5 gxh5 46. Kh2 Kg5 47. Kg3 Kf5 48. Kh4 Kg6 49. Kg3 Kg5 50. Kf3 Kf5 51. Ke3 h4 52. Kf3 Ke5 53. Ke3 Kd5 54. Kd3 b4 55. axb4 cxb4 56. cxb4 b5 57. Ke3 Kc4 58. Kf4 Kxb4 59. Kg4 Kc5 60. Kxh4 b4 61. Kg5 b3 62. h4 b2 63. h5 b1=Q 64. h6 Qh7 65. Kh5 Kd5 66. Kg5 Ke5 67. Kh5 Kf4 68. Kh4 Qxh6# 0-1

[Event "44th Chess Olympiad Women 2022"]
[Site "Chennai"]
[Date "2022.08.02"]
[Round "5.38"]
[White "Talukder, Umme Taslima Protiva"]
[Black "Watson, Gabriella"]
[Result "1-0"]
[ECO "D35"]
[WhiteElo "1769"]
[BlackElo "1164"]
[Annotator "NA RC COMBH"]
[PlyCount "133"]
[EventDate "2022.07.29"]
[EventType "team-tourn"]
[EventCountry "IND"]
[SourceTitle "playchess.com"]
[Source "ChessBase"]
[SourceQuality "1"]
[WhiteTeam "Bangladesh"]
[BlackTeam "Jamaica"]
[WhiteTeamCountry "BAN"]
[BlackTeamCountry "JAM"]
[TimeControl "40/5400+30:1800+30"]

1. d4 d5 2. c4 c6 3. Nc3 Nf6 4. Nf3 e6 5. Bg5 Be7 6. e3 O-O 7. cxd5 exd5 8. Bd3 h6 9. Bh4 Ne4 10. Bxe7 Qxe7 11. Qc2 Bf5 12. Ne5 f6 13. Nf3 Nd7 14. O-O Bh7 15. Rae1 Rfe8 16. Nd2 f5 17. f3 Nxd2 18. Qxd2 Qg5 19. Qf2 Nf6 20. h4 Qh5 21. Ne2 Qf7 22. Ng3 Qd7 23. Qc2 f4 24. exf4 Qd6 25. Re5 Rf8 26. Bxh7+ Nxh7 27. Ne2 Nf6 28. g3 Nd7 29. Re3 Rae8 30. Qd2 Qg6 31. Kf2 Nb6 32. b3 Rxe3 33. Qxe3 Re8 34. Qd2 Qe6 35. Ng1 Qf6 36. Re1 Rxe1 37. Kxe1 Qf5 38. Kf2 Nd7 39. g4 Qf6 40. Kg3 Qg6 41. f5 Qd6+ 42. Kh3 c5 43. Ne2 c4 44. Qe3 Kf7 45. f4 Nf6 46. Ng3 Qa3 47. g5 hxg5 48. fxg5 Ne8 49. Qe6+ Kf8 50. g6 Qe7 51. Qxd5 c3 52. Qc4 Qc7 53. Qb4+ Kg8 54. Ne2 c2 55. Qc5 Qd7 56. Qxc2 Qe7 57. Qd3 Nf6 58. Ng3 Nd5 59. Qc4 Qd7 60. a4 Kf8 61. Qc5+ Ke8 62. Qc1 Nf6 63. Qe1+ Kd8 64. Qe5 b6 65. h5 Qc6 66. Qf4 Qd5 67. Qb8+ 1-0

[Event "44th Chess Olympiad Women 2022"]
[Site "Chennai"]
[Date "2022.08.02"]
[Round "5.38"]
[White "Curwin, Nickaylah"]
[Black "Jannatul, Ferdous"]
[Result "0-1"]
[ECO "D02"]
[WhiteElo "1499"]
[BlackElo "1815"]
[Annotator "NA RC COMBH"]
[PlyCount "72"]
[EventDate "2022.07.29"]
[EventType "team-tourn"]
[EventCountry "IND"]
[SourceTitle "playchess.com"]
[Source "ChessBase"]
[SourceQuality "1"]
[WhiteTeam "Jamaica"]
[BlackTeam "Bangladesh"]
[WhiteTeamCountry "JAM"]
[BlackTeamCountry "BAN"]
[TimeControl "40/5400+30:1800+30"]

1. d4 d5 2. Bf4 Nf6 3. e3 e6 4. c3 Bd6 5. Bg3 O-O 6. Bd3 c5 7. Nf3 Qc7 8. Nbd2 Nbd7 9. O-O Re8 10. Bxd6 Qxd6 11. Qe2 e5 12. dxe5 Nxe5 13. Nxe5 Qxe5 14. Nf3 Qh5 15. h3 Bd7 16. Rad1 Rad8 17. Bb5 a6 18. Bxd7 Nxd7 19. Rfe1 Ne5 20. Nxe5 Qxe5 21. Qd3 f5 22. g3 Re6 23. f4 Qf6 24. Qf1 Re4 25. Rd3 Qe6 26. Kf2 Qb6 27. Re2 d4 28. exd4 cxd4 29. c4 Rde8 30. Red2 Re3 31. b3 Qg6 32. Qg2 Qe6 33. Qf1 Qe4 34. Qg2 Rxd3 35. Qxe4 fxe4 36. Re2 e3+ 0-1

[Event "44th Chess Olympiad Women 2022"]
[Site "Chennai"]
[Date "2022.08.02"]
[Round "5.39"]
[White "Heredia Serrano, Carla"]
[Black "Wickramasinghe, Minethma Lasandi"]
[Result "1-0"]
[ECO "B51"]
[WhiteElo "2090"]
[BlackElo "1541"]
[Annotator "NA RC"]
[PlyCount "113"]
[EventDate "2022.07.29"]
[EventType "team-tourn"]
[EventCountry "IND"]
[SourceTitle "playchess.com"]
[Source "ChessBase"]
[SourceQuality "1"]
[WhiteTeam "Ecuador"]
[BlackTeam "Sri Lanka"]
[WhiteTeamCountry "ECU"]
[BlackTeamCountry "SRI"]
[TimeControl "40/5400+30:1800+30"]

1. e4 c5 2. Nf3 Nc6 3. Bb5 d6 4. h3 Bd7 5. O-O a6 6. Bxc6 Bxc6 7. Re1 e5 8. c3 Nf6 9. d4 Qc7 10. Nbd2 b5 11. a4 Be7 12. d5 Bb7 13. Qe2 Qd7 14. Nf1 h5 15. Ng3 g6 16. Bg5 h4 17. Bxf6 Bxf6 18. Nf1 Kf8 19. N1h2 Kg7 20. Ng4 Be7 21. Ne3 f5 22. b3 Rhf8 23. Nd2 Bg5 24. axb5 axb5 25. c4 b4 26. Rxa8 Rxa8 27. exf5 Bxe3 28. fxe3 Qxf5 29. Rf1 Qd7 30. Ne4 Qe7 31. Qb2 Bc8 32. Ra1 Rxa1+ 33. Qxa1 Bf5 34. Nd2 Qg5 35. Qe1 Bxh3 36. Qf2 Bg4 37. Ne4 Qe7 38. Kh2 Bf5 39. Nd2 g5 40. Qxf5 Qd8 41. Ne4 Qe7 42. Nxg5 Kh6 43. Ne4 Kg7 44. Qg5+ Qxg5 45. Nxg5 Kf6 46. Ne4+ Ke7 47. Kh3 Kd7 48. Kxh4 Ke7 49. g4 Kd7 50. g5 Ke7 51. g6 Kf8 52. Nxd6 Kg7 53. Kg5 Kg8 54. Nf5 Kf8 55. d6 Ke8 56. g7 Kf7 57. d7 1-0

[Event "44th Chess Olympiad Women 2022"]
[Site "Chennai"]
[Date "2022.08.02"]
[Round "5.39"]
[White "Miranda Vargas, Analia Karen"]
[Black "Gamage, Desandhi Dhihansa"]
[Result "1-0"]
[ECO "B50"]
[WhiteElo "1723"]
[BlackElo "1561"]
[Annotator "NA RC COMBH"]
[PlyCount "83"]
[EventDate "2022.07.29"]
[EventType "team-tourn"]
[EventCountry "IND"]
[SourceTitle "playchess.com"]
[Source "ChessBase"]
[SourceQuality "1"]
[WhiteTeam "Ecuador"]
[BlackTeam "Sri Lanka"]
[WhiteTeamCountry "ECU"]
[BlackTeamCountry "SRI"]
[TimeControl "40/5400+30:1800+30"]

1. e4 c5 2. Nf3 d6 3. c3 Nf6 4. h3 Nbd7 5. Bd3 g6 6. O-O Bg7 7. Re1 O-O 8. Bf1 Qc7 9. d4 cxd4 10. cxd4 a6 11. Nc3 e5 12. Be3 b5 13. Rc1 Qd8 14. dxe5 dxe5 15. Qd6 Re8 16. Red1 Bb7 17. a4 Bf8 18. Qd2 b4 19. Na2 Re6 20. Bc4 Rd6 21. Qc2 Nxe4 22. Qb3 Qe7 23. Rxd6 Nxd6 24. Qxb4 Rb8 25. Qd2 Nxc4 26. Rxc4 Qe6 27. Rc7 Bd6 28. Rc1 Nf6 29. Nc3 Bb4 30. Qd1 Ba5 31. Ng5 Qc6 32. Nce4 Rd8 33. Qf1 Qxc1 34. Nxf6+ Kg7 35. Qxc1 Kxf6 36. Nxh7+ Kg7 37. Ng5 Rd6 38. b4 Bxb4 39. Qc4 Bd5 40. Qxb4 Rd7 41. Qb8 Kh6 42. Qh8# 1-0

[Event "44th Chess Olympiad Women 2022"]
[Site "Chennai"]
[Date "2022.08.02"]
[Round "5.39"]
[White "Ranasinghe, S D"]
[Black "Ortiz Verdezoto, Anahi"]
[Result "1/2-1/2"]
[ECO "A14"]
[WhiteElo "1687"]
[BlackElo "2046"]
[Annotator "NA RC"]
[PlyCount "76"]
[EventDate "2022.07.29"]
[EventType "team-tourn"]
[EventCountry "IND"]
[SourceTitle "playchess.com"]
[Source "ChessBase"]
[SourceQuality "1"]
[WhiteTeam "Sri Lanka"]
[BlackTeam "Ecuador"]
[WhiteTeamCountry "SRI"]
[BlackTeamCountry "ECU"]
[TimeControl "40/5400+30:1800+30"]

1. Nf3 Nf6 2. g3 d5 3. c4 e6 4. Bg2 c6 5. b3 Be7 6. Bb2 O-O 7. O-O b6 8. d3 Bb7 9. cxd5 cxd5 10. Nc3 Nc6 11. Nb5 Re8 12. Rc1 a6 13. Nbd4 Rc8 14. Nxc6 Rxc6 15. Rxc6 Bxc6 16. Qc2 Qa8 17. Ne5 Rc8 18. Nxc6 Rxc6 19. Qd2 Qc8 20. Rc1 a5 21. Rxc6 Qxc6 22. Qc3 Qxc3 23. Bxc3 Bc5 24. Bxf6 gxf6 25. a4 Kf8 26. e3 d4 27. e4 Bb4 28. Kf1 Ke7 29. Ke2 Kd6 30. f4 Bc3 31. Bf3 Bb2 32. Bh5 Ke7 33. Bg4 Bc1 34. f5 h6 35. Kd1 Be3 36. Ke2 Kd6 37. Bh5 Ke7 38. Bg4 Kd6 1/2-1/2

[Event "44th Chess Olympiad Women 2022"]
[Site "Chennai"]
[Date "2022.08.02"]
[Round "5.39"]
[White "Abeysinghe, H M H Janandani"]
[Black "Nunez Giler, Fanny"]
[Result "0-1"]
[ECO "B23"]
[WhiteElo "1516"]
[BlackElo "1660"]
[Annotator "NA RC COMBH"]
[PlyCount "80"]
[EventDate "2022.07.29"]
[EventType "team-tourn"]
[EventCountry "IND"]
[SourceTitle "playchess.com"]
[Source "ChessBase"]
[SourceQuality "1"]
[WhiteTeam "Sri Lanka"]
[BlackTeam "Ecuador"]
[WhiteTeamCountry "SRI"]
[BlackTeamCountry "ECU"]
[TimeControl "40/5400+30:1800+30"]

1. e4 c5 2. Nc3 Nc6 3. Bb5 Nd4 4. Bc4 a6 5. a4 e6 6. Nge2 Nf6 7. d3 d5 8. exd5 exd5 9. Ba2 Ne6 10. O-O Be7 11. Nf4 Nxf4 12. Bxf4 O-O 13. Qf3 Be6 14. Rfe1 Qd7 15. h3 b5 16. Bg5 Rfd8 17. Qe2 h6 18. Bh4 b4 19. Nxd5 Nxd5 20. Bxd5 Bxh4 21. Bxa8 Rxa8 22. Qe4 Qd8 23. Qc6 Be7 24. Qe4 Bf6 25. Reb1 Bd5 26. Qe1 Qe8 27. Qd2 Qc6 28. g3 Be6 29. Kh2 Qd7 30. h4 Qd6 31. c3 Bxh4 32. cxb4 cxb4 33. Re1 Bf6 34. Rac1 Qd5 35. Qe2 Rd8 36. Red1 Bd7 37. Ra1 Bc6 38. f4 Re8 39. Qf1 Qh5+ 40. Kg1 Bd4+ 0-1

[Event "44th Chess Olympiad Women 2022"]
[Site "Chennai"]
[Date "2022.08.02"]
[Round "5.40"]
[White "Koljevic, Nikolina"]
[Black "Cho, Yeonhee"]
[Result "1-0"]
[ECO "C48"]
[WhiteElo "2014"]
[BlackElo "1427"]
[Annotator "NA RC"]
[PlyCount "74"]
[EventDate "2022.07.29"]
[EventType "team-tourn"]
[EventCountry "IND"]
[SourceTitle "playchess.com"]
[Source "ChessBase"]
[SourceQuality "1"]
[WhiteTeam "Montenegro"]
[BlackTeam "Korea"]
[WhiteTeamCountry "MNE"]
[BlackTeamCountry "KOR"]
[TimeControl "40/5400+30:1800+30"]

1. e4 e5 2. Nc3 Nc6 3. Nf3 Nf6 4. Bb5 Bc5 5. O-O d6 6. d4 exd4 7. Nxd4 Bd7 8. Nf5 O-O 9. Bg5 Be6 10. Bxc6 bxc6 11. Qf3 Bxf5 12. Qxf5 Bd4 13. Ne2 Bxb2 14. Rab1 Rb8 15. c3 Re8 16. Nd4 Qd7 17. Qxd7 Nxd7 18. Nxc6 Rb6 19. Ne7+ Kf8 20. Nd5 Rb7 21. Bf4 Ne5 22. Rfd1 Reb8 23. Nxc7 Bxc3 24. Rxb7 Rxb7 25. Nd5 Ba5 26. Ne3 Bc7 27. h3 f6 28. Nf5 Rb6 29. Rc1 Rb7 30. Be3 g6 31. Nd4 Kf7 32. Nb5 Bb8 33. a4 a6 34. Nc3 Ke6 35. Nd5 Nd3 36. Rc8 Kf7 37. Rc6 Nb4 1-0

[Event "44th Chess Olympiad Women 2022"]
[Site "Chennai"]
[Date "2022.08.02"]
[Round "5.40"]
[White "Park, Sunwoo"]
[Black "Milovic, Aleksandra"]
[Result "1-0"]
[ECO "B01"]
[WhiteElo "1773"]
[BlackElo "2129"]
[Annotator "NA RC"]
[PlyCount "155"]
[EventDate "2022.07.29"]
[EventType "team-tourn"]
[EventCountry "IND"]
[SourceTitle "playchess.com"]
[Source "ChessBase"]
[SourceQuality "1"]
[WhiteTeam "Korea"]
[BlackTeam "Montenegro"]
[WhiteTeamCountry "KOR"]
[BlackTeamCountry "MNE"]
[TimeControl "40/5400+30:1800+30"]

1. e4 d5 2. exd5 Nf6 3. d4 Bg4 4. f3 Bf5 5. Bb5+ Nbd7 6. Nc3 a6 7. Ba4 b5 8. Bb3 Nb6 9. Nge2 Nfxd5 10. Nxd5 Nxd5 11. Ng3 Bg6 12. O-O e6 13. f4 c5 14. c4 Nb6 15. f5 exf5 16. Nxf5 Bxf5 17. Rxf5 Be7 18. cxb5 c4 19. Bc2 g6 20. Rf1 O-O 21. Bh6 Re8 22. Qf3 f6 23. Qg4 Kf7 24. Rae1 Qd6 25. bxa6 Rad8 26. Re4 Nd5 27. Ba4 Rg8 28. Bb5 Nb6 29. Qe2 g5 30. Qh5+ Rg6 31. Bxg5 Kg8 32. Bf4 Qb4 33. Qe2 Qxb5 34. Rxe7 Nd5 35. Qe6+ Kh8 36. Rb7 Nxf4 37. Rxf4 Qg5 38. Qe4 Rxd4 39. Rb8+ Kg7 40. Qb7+ Kh6 41. Rxd4 Qe3+ 42. Kf1 Qxd4 43. Qf3 f5 44. Rb5 c3 45. Qh3+ Kg7 46. Qxc3 Qxc3 47. bxc3 Rxa6 48. Rb2 Ra3 49. Rc2 Kf6 50. Kf2 Ke5 51. Kf3 h5 52. Ke3 h4 53. Kd3 f4 54. Re2+ Kf5 55. h3 Kg5 56. Re5+ Kf6 57. Rh5 Rxa2 58. Rxh4 Rxg2 59. Rxf4+ Ke5 60. Rg4 Rh2 61. h4 Kf5 62. Rd4 Ra2 63. Rb4 Ra8 64. Rb5+ Ke6 65. c4 Kd6 66. h5 Rg8 67. Rd5+ Ke6 68. Kd4 Rg4+ 69. Kc5 Rh4 70. Kb5 Rh1 71. Kc6 Ke7 72. c5 Ra1 73. Rd7+ Ke8 74. Rh7 Kd8 75. h6 Ra6+ 76. Kb7 Ra1 77. Rg7 Rb1+ 78. Kc6 1-0

[Event "44th Chess Olympiad Women 2022"]
[Site "Chennai"]
[Date "2022.08.02"]
[Round "5.40"]
[White "Park, Haneul"]
[Black "Bacic, Kristina"]
[Result "0-1"]
[ECO "D18"]
[WhiteElo "1531"]
[BlackElo "1866"]
[Annotator "NA RC COMBH"]
[PlyCount "68"]
[EventDate "2022.07.29"]
[EventType "team-tourn"]
[EventCountry "IND"]
[SourceTitle "playchess.com"]
[Source "ChessBase"]
[SourceQuality "1"]
[WhiteTeam "Korea"]
[BlackTeam "Montenegro"]
[WhiteTeamCountry "KOR"]
[BlackTeamCountry "MNE"]
[TimeControl "40/5400+30:1800+30"]

1. d4 d5 2. c4 c6 3. Nf3 Nf6 4. Nc3 dxc4 5. a4 Bf5 6. e3 e6 7. Bxc4 Nbd7 8. O-O Be7 9. h3 O-O 10. Re1 Ne4 11. Nxe4 Bxe4 12. Bd3 Nf6 13. Bxe4 Nxe4 14. Qb3 Qb6 15. Qd3 Nf6 16. Bd2 Rfd8 17. Ne5 c5 18. a5 Qd6 19. Nc4 Qd5 20. Bc3 Ne4 21. Nd2 Nxd2 22. Qxd2 Bf6 23. Rad1 cxd4 24. Bxd4 Bxd4 25. exd4 Rac8 26. Rc1 Rxc1 27. Rxc1 e5 28. Rc7 exd4 29. a6 bxa6 30. Rxa7 Qc4 31. Qa5 Re8 32. Rxa6 g6 33. Qa4 Qc1+ 34. Kh2 Qf4+ 0-1

[Event "44th Chess Olympiad Women 2022"]
[Site "Chennai"]
[Date "2022.08.02"]
[Round "5.40"]
[White "Mosurovic, Milena"]
[Black "Kang, Sohyun"]
[Result "1/2-1/2"]
[ECO "C00"]
[WhiteElo "1452"]
[BlackElo "1593"]
[Annotator "NA RC COMBH"]
[PlyCount "97"]
[EventDate "2022.07.29"]
[EventType "team-tourn"]
[EventCountry "IND"]
[SourceTitle "playchess.com"]
[Source "ChessBase"]
[SourceQuality "1"]
[WhiteTeam "Montenegro"]
[BlackTeam "Korea"]
[WhiteTeamCountry "MNE"]
[BlackTeamCountry "KOR"]
[TimeControl "40/5400+30:1800+30"]

1. e4 e6 2. d3 d5 3. Nd2 c5 4. g3 Nc6 5. Bg2 a6 6. Ngf3 Bd6 7. O-O Nge7 8. Re1 Qc7 9. a3 O-O 10. Qe2 f6 11. b3 Bd7 12. Bb2 d4 13. Nc4 e5 14. a4 b5 15. axb5 axb5 16. Ncd2 Be6 17. h4 Rfb8 18. h5 Nb4 19. Nf1 c4 20. Rxa8 Rxa8 21. Nxd4 exd4 22. e5 Ra6 23. exf6 Bc5 24. fxe7 Qxe7 25. dxc4 bxc4 26. bxc4 Qf7 27. Bd5 Bxd5 28. cxd5 Ra2 29. Rb1 d3 30. cxd3 Nxd3 31. Ne3 Bxe3 32. fxe3 Qxd5 33. Qc2 Nxb2 34. Rxb2 Rxb2 35. Qxb2 Qxh5 36. Qb8+ Kf7 37. Qc7+ Kf6 38. Qd6+ Kf7 39. Qd7+ Kf6 40. Qd6+ Kf5 41. Qf4+ Ke6 42. Qe4+ Qe5 43. Qg4+ Kd5 44. Kf2 Qb2+ 45. Kf3 Qf6+ 46. Ke2 Qa6+ 47. Kf2 Qf6+ 48. Ke2 Qb2+ 49. Kf3 1/2-1/2

[Event "44th Chess Olympiad Women 2022"]
[Site "Chennai"]
[Date "2022.08.02"]
[Round "5.41"]
[White "Ofowino, Toritsemuwa"]
[Black "Mutisya, Jully"]
[Result "1-0"]
[ECO "B08"]
[WhiteElo "1870"]
[BlackElo "1428"]
[Annotator "NA RC COMBH"]
[PlyCount "103"]
[EventDate "2022.07.29"]
[EventType "team-tourn"]
[EventCountry "IND"]
[SourceTitle "playchess.com"]
[Source "ChessBase"]
[SourceQuality "1"]
[WhiteTeam "Nigeria"]
[BlackTeam "Kenya"]
[WhiteTeamCountry "NGR"]
[BlackTeamCountry "KEN"]
[TimeControl "40/5400+30:1800+30"]

1. d4 Nf6 2. Nf3 g6 3. Nc3 Bg7 4. e4 d6 5. h3 O-O 6. Be3 c6 7. a4 Nbd7 8. e5 Ne8 9. Bf4 Qa5 10. exd6 Nxd6 11. Bd2 Qd8 12. Be2 Nf5 13. Bf4 Qb6 14. O-O Nxd4 15. Nxd4 Qxd4 16. Qxd4 Bxd4 17. Rad1 Bxc3 18. bxc3 Nb6 19. a5 Nd5 20. Bd2 Bf5 21. c4 Nf6 22. Bd3 Ne4 23. Bb4 Rfe8 24. g4 c5 25. gxf5 Nxf2 26. Rxf2 cxb4 27. Rb1 e5 28. Be4 Rab8 29. Rxb4 b6 30. axb6 axb6 31. fxg6 hxg6 32. Rf6 Kg7 33. Rbxb6 Rxb6 34. Rxb6 f5 35. Bd5 e4 36. Kf2 f4 37. Re6 e3+ 38. Kf3 Rxe6 39. Bxe6 Kf6 40. Bg4 Ke5 41. c5 g5 42. c6 Kd6 43. Ke4 Kxc6 44. Kd4 Kd6 45. c4 Kc6 46. Bf3+ Kd6 47. c5+ Kc7 48. Kd5 Kd7 49. c6+ Kc7 50. Kc5 Kc8 51. Kd6 Kb8 52. c7+ 1-0

[Event "44th Chess Olympiad Women 2022"]
[Site "Chennai"]
[Date "2022.08.02"]
[Round "5.41"]
[White "Onoja, Iyefu Joy"]
[Black "Ndirangu, Joyce Nyaruai"]
[Result "1-0"]
[ECO "E61"]
[WhiteElo "1869"]
[BlackElo "1679"]
[Annotator "NA RC COMBH"]
[PlyCount "79"]
[EventDate "2022.07.29"]
[EventType "team-tourn"]
[EventCountry "IND"]
[SourceTitle "playchess.com"]
[Source "ChessBase"]
[SourceQuality "1"]
[WhiteTeam "Nigeria"]
[BlackTeam "Kenya"]
[WhiteTeamCountry "NGR"]
[BlackTeamCountry "KEN"]
[TimeControl "40/5400+30:1800+30"]

1. d4 Nf6 2. Nf3 g6 3. c4 Bg7 4. Nc3 d6 5. h3 Nbd7 6. Bf4 c6 7. e3 Qa5 8. Qa4 Qxa4 9. Nxa4 Ne4 10. Bd3 Ndf6 11. g4 h6 12. Nc3 Nxc3 13. bxc3 c5 14. Nd2 b6 15. Ne4 Nd7 16. Bh2 Ba6 17. Be2 O-O 18. Rg1 Kh8 19. h4 Rac8 20. Nd2 Bb7 21. a4 f5 22. a5 e5 23. axb6 axb6 24. Ra7 Rb8 25. Bf3 Bxf3 26. Nxf3 Rbd8 27. gxf5 gxf5 28. Rg6 Rf6 29. h5 Rxg6 30. hxg6 Nf6 31. Nh4 Kg8 32. dxe5 dxe5 33. Nxf5 Nh5 34. Nxg7 Nxg7 35. Bxe5 Ne8 36. Rh7 Kf8 37. g7+ Kf7 38. Rh8 Nxg7 39. Rxd8 Nf5 40. Bc7 1-0